AoeStats
← El Tlacuache

Arabia

510471475Analyzed
1v1 RM · 2d ago on Oct 1, 2026· 27m 46s· 2 players
Game mode
Random Map
Map size
Tiny (2 player)
Population
200
Speed
Normal
Resources
Standard
Victory
Conquest
Starting age
Dark Age
Ending age
Imperial Age
RankedLock teamsTeams togetherTeam positionsShared explorationLock speedFull tech treeHidden civsTurbo modeCheats
Victory
Defeat
🇲🇽 Khmer · Mexico
1560
+12
🇺🇸 Poles · United States
1472
-12
El Tlacuache
7:40 Loom
10:06 Feudal Age
17:07 Castle Age
19:09 Forging
20:01 Scale Barding Armor
22:05 Bloodlines
22:56 Husbandry
25:24 Gold Mining
26:25 Chain Barding Armor
27:33 Iron Casting
AttilathePun463
6:27 Loom
9:03 Feudal Age
10:20 Double-Bit Axe
10:16 Horse Collar
19:33 Castle Age
18:53 Fletching
21:21 Bow Saw
22:34 Bodkin Arrow
Connection lost

Rejoining the realm…

Still unreachable

The connection could not be restored.

Session expired

The server has moved on; the page needs a fresh start.